Workbook

Sheet Diario de Operaciones
A1: CASTELL ASSET GROUP — Diario de Trading MT5
A2: Registra cada operación. Las celdas de resultado se calculan automáticamente al ingresar los precios.
A3: Fecha | B3: Hora | C3: Bot | D3: Par | E3: Dirección | F3: Lote | G3: Precio entrada | H3: Precio cierre | I3: Resultado ($) | J3: Resultado (%) | K3: Cierre | L3: Duración (h) | M3: Notas | N3: Mes (auto)
I4: =IF(AND(G4<>"",H4<>"",F4<>""),(H4-G4)*F4*100,"") | J4: =IF(I4<>"",I4/1000,"") | N4: =IF(A4<>"",TEXT(A4,"MMMM"),"")
I5: =IF(AND(G5<>"",H5<>"",F5<>""),(H5-G5)*F5*100,"") | J5: =IF(I5<>"",I5/1000,"") | N5: =IF(A5<>"",TEXT(A5,"MMMM"),"")
I6: =IF(AND(G6<>"",H6<>"",F6<>""),(H6-G6)*F6*100,"") | J6: =IF(I6<>"",I6/1000,"") | N6: =IF(A6<>"",TEXT(A6,"MMMM"),"")
I7: =IF(AND(G7<>"",H7<>"",F7<>""),(H7-G7)*F7*100,"") | J7: =IF(I7<>"",I7/1000,"") | N7: =IF(A7<>"",TEXT(A7,"MMMM"),"")
I8: =IF(AND(G8<>"",H8<>"",F8<>""),(H8-G8)*F8*100,"") | J8: =IF(I8<>"",I8/1000,"") | N8: =IF(A8<>"",TEXT(A8,"MMMM"),"")
I9: =IF(AND(G9<>"",H9<>"",F9<>""),(H9-G9)*F9*100,"") | J9: =IF(I9<>"",I9/1000,"") | N9: =IF(A9<>"",TEXT(A9,"MMMM"),"")
I10: =IF(AND(G10<>"",H10<>"",F10<>""),(H10-G10)*F10*100,"") | J10: =IF(I10<>"",I10/1000,"") | N10: =IF(A10<>"",TEXT(A10,"MMMM"),"")
I11: =IF(AND(G11<>"",H11<>"",F11<>""),(H11-G11)*F11*100,"") | J11: =IF(I11<>"",I11/1000,"") | N11: =IF(A11<>"",TEXT(A11,"MMMM"),"")
I12: =IF(AND(G12<>"",H12<>"",F12<>""),(H12-G12)*F12*100,"") | J12: =IF(I12<>"",I12/1000,"") | N12: =IF(A12<>"",TEXT(A12,"MMMM"),"")
I13: =IF(AND(G13<>"",H13<>"",F13<>""),(H13-G13)*F13*100,"") | J13: =IF(I13<>"",I13/1000,"") | N13: =IF(A13<>"",TEXT(A13,"MMMM"),"")
I14: =IF(AND(G14<>"",H14<>"",F14<>""),(H14-G14)*F14*100,"") | J14: =IF(I14<>"",I14/1000,"") | N14: =IF(A14<>"",TEXT(A14,"MMMM"),"")
I15: =IF(AND(G15<>"",H15<>"",F15<>""),(H15-G15)*F15*100,"") | J15: =IF(I15<>"",I15/1000,"") | N15: =IF(A15<>"",TEXT(A15,"MMMM"),"")
... I103: =IF(AND(G103<>"",H103<>"",F103<>""),(H103-G103)*F103*100,"") | J103: =IF(I103<>"",I103/1000,"") | N103: =IF(A103<>"",TEXT(A103,"MMMM"),"")

Sheet Resumen Mensual
A1: RESUMEN MENSUAL — Calculado automáticamente desde el Diario
A2: Mes | B2: Ops | C2: Ganadoras | D2: Perdedoras | E2: Win Rate | F2: Ganancia ($) | G2: Pérdida ($) | H2: Neto ($)
A3: Enero | B3: =COUNTIF('Diario de Operaciones'!N4:N103,A3) -> 0 | C3: =COUNTIFS('Diario de Operaciones'!N4:N103,A3,'Diario de Operaciones'!I4:I103,">0") -> 0 | D3: =COUNTIFS('Diario de Operaciones'!N4:N103,A3,'Diario de Operaciones'!I4:I103,"<0") -> 0 | E3: =IFERROR(C3/B3,0) -> 0 | F3: =IFERROR(SUMIFS('Diario de Operaciones'!I4:I103,'Diario de Operaciones'!N4:N103,A3,'Diario de Operaciones'!I4:I103,">0"),0) -> 0 | G3: =IFERROR(SUMIFS('Diario de Operaciones'!I4:I103,'Diario de Operaciones'!N4:N103,A3,'Diario de Operaciones'!I4:I103,"<0"),0) -> 0 | H3: =F3+G3 -> 0
A4: Febrero | B4: =COUNTIF('Diario de Operaciones'!N4:N103,A4) -> 0 | C4: =COUNTIFS('Diario de Operaciones'!N4:N103,A4,'Diario de Operaciones'!I4:I103,">0") -> 0 | D4: =COUNTIFS('Diario de Operaciones'!N4:N103,A4,'Diario de Operaciones'!I4:I103,"<0") -> 0 | E4: =IFERROR(C4/B4,0) -> 0 | F4: =IFERROR(SUMIFS('Diario de Operaciones'!I4:I103,'Diario de Operaciones'!N4:N103,A4,'Diario de Operaciones'!I4:I103,">0"),0) -> 0 | G4: =IFERROR(SUMIFS('Diario de Operaciones'!I4:I103,'Diario de Operaciones'!N4:N103,A4,'Diario de Operaciones'!I4:I103,"<0"),0) -> 0 | H4: =F4+G4 -> 0
A5: Marzo | B5: =COUNTIF('Diario de Operaciones'!N4:N103,A5) -> 0 | C5: =COUNTIFS('Diario de Operaciones'!N4:N103,A5,'Diario de Operaciones'!I4:I103,">0") -> 0 | D5: =COUNTIFS('Diario de Operaciones'!N4:N103,A5,'Diario de Operaciones'!I4:I103,"<0") -> 0 | E5: =IFERROR(C5/B5,0) -> 0 | F5: =IFERROR(SUMIFS('Diario de Operaciones'!I4:I103,'Diario de Operaciones'!N4:N103,A5,'Diario de Operaciones'!I4:I103,">0"),0) -> 0 | G5: =IFERROR(SUMIFS('Diario de Operaciones'!I4:I103,'Diario de Operaciones'!N4:N103,A5,'Diario de Operaciones'!I4:I103,"<0"),0) -> 0 | H5: =F5+G5 -> 0
A6: Abril | B6: =COUNTIF('Diario de Operaciones'!N4:N103,A6) -> 0 | C6: =COUNTIFS('Diario de Operaciones'!N4:N103,A6,'Diario de Operaciones'!I4:I103,">0") -> 0 | D6: =COUNTIFS('Diario de Operaciones'!N4:N103,A6,'Diario de Operaciones'!I4:I103,"<0") -> 0 | E6: =IFERROR(C6/B6,0) -> 0 | F6: =IFERROR(SUMIFS('Diario de Operaciones'!I4:I103,'Diario de Operaciones'!N4:N103,A6,'Diario de Operaciones'!I4:I103,">0"),0) -> 0 | G6: =IFERROR(SUMIFS('Diario de Operaciones'!I4:I103,'Diario de Operaciones'!N4:N103,A6,'Diario de Operaciones'!I4:I103,"<0"),0) -> 0 | H6: =F6+G6 -> 0
A7: Mayo | B7: =COUNTIF('Diario de Operaciones'!N4:N103,A7) -> 0 | C7: =COUNTIFS('Diario de Operaciones'!N4:N103,A7,'Diario de Operaciones'!I4:I103,">0") -> 0 | D7: =COUNTIFS('Diario de Operaciones'!N4:N103,A7,'Diario de Operaciones'!I4:I103,"<0") -> 0 | E7: =IFERROR(C7/B7,0) -> 0 | F7: =IFERROR(SUMIFS('Diario de Operaciones'!I4:I103,'Diario de Operaciones'!N4:N103,A7,'Diario de Operaciones'!I4:I103,">0"),0) -> 0 | G7: =IFERROR(SUMIFS('Diario de Operaciones'!I4:I103,'Diario de Operaciones'!N4:N103,A7,'Diario de Operaciones'!I4:I103,"<0"),0) -> 0 | H7: =F7+G7 -> 0
A8: Junio | B8: =COUNTIF('Diario de Operaciones'!N4:N103,A8) -> 0 | C8: =COUNTIFS('Diario de Operaciones'!N4:N103,A8,'Diario de Operaciones'!I4:I103,">0") -> 0 | D8: =COUNTIFS('Diario de Operaciones'!N4:N103,A8,'Diario de Operaciones'!I4:I103,"<0") -> 0 | E8: =IFERROR(C8/B8,0) -> 0 | F8: =IFERROR(SUMIFS('Diario de Operaciones'!I4:I103,'Diario de Operaciones'!N4:N103,A8,'Diario de Operaciones'!I4:I103,">0"),0) -> 0 | G8: =IFERROR(SUMIFS('Diario de Operaciones'!I4:I103,'Diario de Operaciones'!N4:N103,A8,'Diario de Operaciones'!I4:I103,"<0"),0) -> 0 | H8: =F8+G8 -> 0
A9: Julio | B9: =COUNTIF('Diario de Operaciones'!N4:N103,A9) -> 0 | C9: =COUNTIFS('Diario de Operaciones'!N4:N103,A9,'Diario de Operaciones'!I4:I103,">0") -> 0 | D9: =COUNTIFS('Diario de Operaciones'!N4:N103,A9,'Diario de Operaciones'!I4:I103,"<0") -> 0 | E9: =IFERROR(C9/B9,0) -> 0 | F9: =IFERROR(SUMIFS('Diario de Operaciones'!I4:I103,'Diario de Operaciones'!N4:N103,A9,'Diario de Operaciones'!I4:I103,">0"),0) -> 0 | G9: =IFERROR(SUMIFS('Diario de Operaciones'!I4:I103,'Diario de Operaciones'!N4:N103,A9,'Diario de Operaciones'!I4:I103,"<0"),0) -> 0 | H9: =F9+G9 -> 0
A10: Agosto | B10: =COUNTIF('Diario de Operaciones'!N4:N103,A10) -> 0 | C10: =COUNTIFS('Diario de Operaciones'!N4:N103,A10,'Diario de Operaciones'!I4:I103,">0") -> 0 | D10: =COUNTIFS('Diario de Operaciones'!N4:N103,A10,'Diario de Operaciones'!I4:I103,"<0") -> 0 | E10: =IFERROR(C10/B10,0) -> 0 | F10: =IFERROR(SUMIFS('Diario de Operaciones'!I4:I103,'Diario de Operaciones'!N4:N103,A10,'Diario de Operaciones'!I4:I103,">0"),0) -> 0 | G10: =IFERROR(SUMIFS('Diario de Operaciones'!I4:I103,'Diario de Operaciones'!N4:N103,A10,'Diario de Operaciones'!I4:I103,"<0"),0) -> 0 | H10: =F10+G10 -> 0
A11: Septiembre | B11: =COUNTIF('Diario de Operaciones'!N4:N103,A11) -> 0 | C11: =COUNTIFS('Diario de Operaciones'!N4:N103,A11,'Diario de Operaciones'!I4:I103,">0") -> 0 | D11: =COUNTIFS('Diario de Operaciones'!N4:N103,A11,'Diario de Operaciones'!I4:I103,"<0") -> 0 | E11: =IFERROR(C11/B11,0) -> 0 | F11: =IFERROR(SUMIFS('Diario de Operaciones'!I4:I103,'Diario de Operaciones'!N4:N103,A11,'Diario de Operaciones'!I4:I103,">0"),0) -> 0 | G11: =IFERROR(SUMIFS('Diario de Operaciones'!I4:I103,'Diario de Operaciones'!N4:N103,A11,'Diario de Operaciones'!I4:I103,"<0"),0) -> 0 | H11: =F11+G11 -> 0
A12: Octubre | B12: =COUNTIF('Diario de Operaciones'!N4:N103,A12) -> 0 | C12: =COUNTIFS('Diario de Operaciones'!N4:N103,A12,'Diario de Operaciones'!I4:I103,">0") -> 0 | D12: =COUNTIFS('Diario de Operaciones'!N4:N103,A12,'Diario de Operaciones'!I4:I103,"<0") -> 0 | E12: =IFERROR(C12/B12,0) -> 0 | F12: =IFERROR(SUMIFS('Diario de Operaciones'!I4:I103,'Diario de Operaciones'!N4:N103,A12,'Diario de Operaciones'!I4:I103,">0"),0) -> 0 | G12: =IFERROR(SUMIFS('Diario de Operaciones'!I4:I103,'Diario de Operaciones'!N4:N103,A12,'Diario de Operaciones'!I4:I103,"<0"),0) -> 0 | H12: =F12+G12 -> 0
A13: Noviembre | B13: =COUNTIF('Diario de Operaciones'!N4:N103,A13) -> 0 | C13: =COUNTIFS('Diario de Operaciones'!N4:N103,A13,'Diario de Operaciones'!I4:I103,">0") -> 0 | D13: =COUNTIFS('Diario de Operaciones'!N4:N103,A13,'Diario de Operaciones'!I4:I103,"<0") -> 0 | E13: =IFERROR(C13/B13,0) -> 0 | F13: =IFERROR(SUMIFS('Diario de Operaciones'!I4:I103,'Diario de Operaciones'!N4:N103,A13,'Diario de Operaciones'!I4:I103,">0"),0) -> 0 | G13: =IFERROR(SUMIFS('Diario de Operaciones'!I4:I103,'Diario de Operaciones'!N4:N103,A13,'Diario de Operaciones'!I4:I103,"<0"),0) -> 0 | H13: =F13+G13 -> 0
A14: Diciembre | B14: =COUNTIF('Diario de Operaciones'!N4:N103,A14) -> 0 | C14: =COUNTIFS('Diario de Operaciones'!N4:N103,A14,'Diario de Operaciones'!I4:I103,">0") -> 0 | D14: =COUNTIFS('Diario de Operaciones'!N4:N103,A14,'Diario de Operaciones'!I4:I103,"<0") -> 0 | E14: =IFERROR(C14/B14,0) -> 0 | F14: =IFERROR(SUMIFS('Diario de Operaciones'!I4:I103,'Diario de Operaciones'!N4:N103,A14,'Diario de Operaciones'!I4:I103,">0"),0) -> 0 | G14: =IFERROR(SUMIFS('Diario de Operaciones'!I4:I103,'Diario de Operaciones'!N4:N103,A14,'Diario de Operaciones'!I4:I103,"<0"),0) -> 0 | H14: =F14+G14 -> 0
A15: TOTAL | B15: =SUM(B3:B14) -> 0 | C15: =SUM(C3:C14) -> 0 | D15: =SUM(D3:D14) -> 0 | E15: =IFERROR(AVERAGE(E3:E14),0) -> 0 | F15: =SUM(F3:F14) -> 0 | G15: =SUM(G3:G14) -> 0 | H15: =SUM(H3:H14) -> 0

Sheet Estadisticas
A1: ESTADÍSTICAS GLOBALES — Actualización automática
A2: CUENTA Y CAPITAL
A3: Depósito inicial ($) | C3: 1000
A4: Balance estimado ($) | C4: =C3+IFERROR(SUM('Diario de Operaciones'!I4:I103),0) -> 1000
A5: Rendimiento total (%) | C5: =IFERROR((C4-C3)/C3,0) -> 0
A7: OPERATIVA
A8: Total operaciones registradas | C8: =COUNTA('Diario de Operaciones'!A4:A103) -> 0
A9: Operaciones ganadoras | C9: =COUNTIF('Diario de Operaciones'!I4:I103,">0") -> 0
A10: Operaciones perdedoras | C10: =COUNTIF('Diario de Operaciones'!I4:I103,"<0") -> 0
A11: Win Rate | C11: =IFERROR(C8/C7,0) -> 0
A12: Profit Factor | C12: =IFERROR(SUMIF('Diario de Operaciones'!I4:I103,">0")/ABS(SUMIF('Diario de Operaciones'!I4:I103,"<0")),0) -> 0
A14: RESULTADOS
A15: Ganancia bruta ($) | C15: =IFERROR(SUMIF('Diario de Operaciones'!I4:I103,">0"),0) -> 0
A16: Pérdida bruta ($) | C16: =IFERROR(SUMIF('Diario de Operaciones'!I4:I103,"<0"),0) -> 0
A17: Beneficio neto ($) | C17: =C14+C15 -> 0
A18: Mejor operación ($) | C18: =IFERROR(maxifs('Diario de Operaciones'!I4:I103,'Diario de Operaciones'!I4:I103,">0"),0) -> 0
A19: Peor operación ($) | C19: =IFERROR(minifs('Diario de Operaciones'!I4:I103,'Diario de Operaciones'!I4:I103,"<0"),0) -> 0
A20: Ganancia promedio por op. ($) | C20: =IFERROR(C14/C8,0) -> 0
A21: Pérdida promedio por op. ($) | C21: =IFERROR(C15/C9,0) -> 0
